 Dungeon Crawl Stone Soup version 0.23.1 (webtiles) character file.

Game seed: 16211725200936476950

93 PentaManta the Bolt Thrower (level 4, -1/28 HPs)
             Began as a Kobold Hunter on Mar 18, 2019.
             Succumbed to a big kobold's poison
             ... on level 3 of the Dungeon.
             The game lasted 00:06:20 (2267 turns).

PentaManta the Bolt Thrower (Kobold Hunter)         Turns: 2267, Time: 00:06:20

Health: -1/28      AC:  5    Str:  8 (10) XL:     4   Next: 91%
Magic:  4/4        EV: 20    Int:  9 (12) God:
Gold:   129        SH:  0    Dex: 18 (20) Spells: 3/3 levels left

rFire    . . .     SeeInvis .   b - +0 short sword
rCold    . . .     Gourm    .   (shield restricted)
rNeg     . . .     Faith    .   c - +0 leather armour
rPois    .         Spirit   .   (no helmet)
rElec    .         Reflect  .   e - +0 cloak
rCorr    .         Harm     .   (no gloves)
MR       .....                  o - +0 pair of boots
Stlth    +++.......             (no amulet)
HPRegen  0.09/turn              (no ring)
MPRegen  0.09/turn              (no ring)

@: agile, lethally poisoned (-1 -> -41)
A: small, carnivore
a: no special abilities


You were on level 3 of the Dungeon.
You were not hungry.

You visited 1 branch of the dungeon, and saw 3 of its levels.

You collected 129 gold pieces.

Inventory:

Hand Weapons
 a - a +1 hand crossbow
 b - a +0 short sword (weapon)
Missiles
 p - 58 stones (quivered)
Armour
 c - a +0 leather armour (worn)
 e - a +0 cloak (worn)
 o - a +0 pair of boots (worn)
Jewellery
 d - a +5 ring of intelligence {unknown}
Scrolls
 g - a scroll of noise {unknown}
 j - 2 scrolls of fog {unknown}
 k - a scroll of remove curse {unknown}
 l - a scroll of enchant armour {unknown}
 m - a scroll of teleportation {unknown}
 s - 3 scrolls of enchant weapon {unknown}
 u - a scroll of amnesia {unknown}
 v - a scroll of identify {unknown}
Potions
 r - a potion of agility
Comestibles
 f - 5 rations


   Skills:
 + Level 3.4 Fighting
 - Level 6.2 Crossbows
 - Level 2.4 Dodging
 * Level 2.2 Stealth


You had 3 spell levels left.
You didn't know any spells.
Your spell library was empty.

Dungeon Overview and Level Annotations

Branches:
Dungeon (3/15)

Altars:


Innate Abilities, Weirdness & Mutations

You are small and have problems with some larger weapons.
You are carnivorous and can eat meat at any time.


Message History

There was something very wrong with that liquid.
You feel weakened.
You feel dopey.
You feel clumsy.
You feel sick.
The big kobold hits you with a +3 dagger of venom.
You are more poisoned.
It was a potion of agility.
You feel agile all of a sudden.
You feel very sick.
The big kobold hits you with a +3 dagger of venom.
You are more poisoned.
* * * LOW HITPOINT WARNING * * *
You feel very sick.
You open the door.
* * * LOW HITPOINT WARNING * * *
You feel very sick. The big kobold closely misses you.
* * * LOW HITPOINT WARNING * * *
You feel very sick.
There is an open door here.
You die...

...................
..##'#$........... .
####.#.#.........#.#
#.
.....#........##....
...
...................
#.#
.....##........#.#
#.#
....###........#.#
#.#
...............#.#
#.#
............##.#@#
##.#######
............##.#'####
#.......<#
.....#......##.K....#
#..#######
.....#..............#
#..#
.....#.....##.......#
#..#
....................#
#..#
....................#
#..#
....................#
#..######
...............#.####
#.......#


You could see a big kobold.

Vanquished Creatures
  A gnoll (D:1)
  An adder (D:3)
  2 worms (D:2)
  3 dart slugs
  An orc (D:3)
  2 giant cockroaches
  8 goblins
  8 hobgoblins
  6 jackals
  A quokka (D:2)
  6 bats
  12 kobolds
  7 rats
58 creatures vanquished.

Notes
Turn   | Place    | Note
-------+----------+-------------------------------------------
     0 | D:1      | PentaManta the Kobold Hunter began the quest for the Orb.
     0 | D:1      | Reached XP level 1. HP: 12/12 MP: 1/1
   105 | D:1      | Reached skill level 5 in Crossbows
   132 | D:1      | Reached XP level 2. HP: 15/18 MP: 2/2
   245 | D:1      | Reached XP level 3. HP: 3/22 MP: 3/3
  1129 | D:2      | Reached XP level 4. HP: 28/28 MP: 4/4
  1131 | D:2      | Reached skill level 6 in Crossbows
  2036 | D:3      | Noticed a big kobold
  2266 | D:3      | HP: 1/28 [poisoned by a big kobold]
  2267 | D:3      | Succumbed to a big kobold's poison

Skill      XL: |  1  2  3  4 |
---------------+-------------+-----
Crossbows      | 5 6 |  6.2
Fighting       | 3 |  3.4
Stealth        | 2 |  2.2
Dodging        | |  2.4

Action                   |  1- 3 |  4- 6 || total
-------------------------+-------+-------++-------
Melee: Short sword       |       |    51 ||    51
 Fire: Hand crossbow     |    60 |    54 ||   114
Throw: Stone             |       |     5 ||     5
  Use: Potion            |       |     5 ||     5
 Stab: Sleeping          |       |     1 ||     1
  Eat: Chunk             |       |     4 ||     4
Armor: Leather armour    |     1 |    18 ||    19
Dodge: Dodged            |     8 |    55 ||    63
